Scraper vs Inferno

Created - 11 janvier 2015 at 21:43

Goals
1 2 3 OT1 SO T
Scraper 0 1 4 0 1 6
Inferno 1 4 0 0 0 5
Shots
1 2 3 OT1 SO T
Scraper 9 6 9 0 3 24
Inferno 11 17 10 0 3 38

1st period

1. Inferno , Stephane Veilleux 25 (Pavel Vorobiev, Brian Boyle) at 14:40

Penalties :
Roman Horak (Out) for Hooking (Minor) at 2:46, Matt Kassian (Anc) for Holding (Minor) at 5:22

2nd period

2. Inferno , Stephane Veilleux 26 (Pavel Vorobiev, Brian Boyle) at 4:08
3. Inferno , Cal O'Reilly 5 (David Savard) at 5:22
4. Scraper , Evander Kane 26 (Denis Shvidki, Brayden Schenn) at 5:40
5. Inferno , Vladimir Zharkov 14 (Yannick Weber, Vladimir Sobotka) at 8:00
6. Inferno , Brian Boyle 9 (David Savard, Pavel Vorobiev) at 15:38

Penalties :
Roman Horak (Out) for Tripping (Minor) at 8:50

3rd period

7. Scraper , Valeri Bure 16 (Derek Joslin) at 8:04 (PP)
8. Scraper , Valeri Bure 17 (Daniel Winnik, Brendan Smith) at 16:12 (PP)
9. Scraper , Ryan O'Reilly 8 (Ben Eager) at 17:11
10. Scraper , Denis Shvidki 26 (Evander Kane, Brendan Smith) at 19:49

Penalties :
Brad Marchand (Anc) for Tripping (Minor) at 0:13, Denis Shvidki (Out) for Hooking (Minor) at 0:17, Matt Kassian (Anc) for Boarding (Minor) at 7:36, Denis Shvidki (Out) for Holding (Minor) at 11:18, Brad Marchand (Anc) for Elbowing (Minor) at 15:30

Overtime #1

No Goal

Penalties :
No Penalty

Shootout

Penalty Shot by Denis Shvidki for Scraper - Stopped by Jonathan Boutin
Penalty Shot by Cal O'Reilly for Inferno - Stopped by Peter Mannino
Penalty Shot by Ryan O'Reilly for Scraper - Goal!
Penalty Shot by Colin Wilson for Inferno - Stopped by Peter Mannino
Penalty Shot by Evander Kane for Scraper - Stopped by Jonathan Boutin
Penalty Shot by Stephane Veilleux for Inferno - Stopped by Peter Mannino

Penalties :
No Penalty

Goalie Stats

Peter Mannino (Out), 33 saves from 38 shots - (0,868), W, 12-16-1, 64:34 minutes
Jonathan Boutin (Anc), 19 saves from 24 shots - (0,792), OTL, 2-9-1, 65:00 minutes

Players Stats for Scraper

Player Name              G  A  P  +/- PIM S  H  SB GA TA FO     MP     PP MP  PK MP  
------------------------------------------------------------------------------------
Ben Eager                0  1  1   0  0   4  3  0  2  0  1/3    18:38   0:12   0:55 
Brayden Schenn           0  1  1   1  0   0  5  1  0  0  9/31   18:51   1:47   0:43 
Brendan Smith            0  2  2   1  0   1  3  3  0  0  0/0    28:41   2:19   2:28 
Daniel Winnik            0  1  1  -3  0   2  3  1  1  0  0/0    16:16   1:14   0:00 
Denis Shvidki            1  1  2   1  4   2  0  0  0  0  0/0    20:39   1:46   0:00 
Derek Joslin             0  1  1   1  0   0  0  0  0  0  0/0    10:41   1:52   3:25 
Eric Godard              0  0  0  -1  0   1  0  0  0  1  0/0     6:56   0:12   1:37 
Eric Gryba               0  0  0  -3  0   0  2  1  0  0  0/0    24:41   0:54   2:28 
Eric Knodel              0  0  0   0  0   1  0  1  0  0  0/0    14:25   0:00   3:31 
Evander Kane             1  1  2   1  0   5  2  1  0  2  0/0    20:13   1:47   0:00 
Ilkka Heikkinen          0  0  0   0  0   1  3  0  4  1  0/0    27:22   0:43   3:31 
Jared Cowen              0  0  0  -3  0   0  1  3  0  1  0/0    18:01   0:00   0:00 
Jerome Samson            0  0  0   0  0   0  0  0  0  0  0/0     0:00   0:00   0:00 
Joe Finley               0  0  0   0  0   0  0  0  0  0  0/0     9:58   0:38   0:02 
Reilly Smith             0  0  0   0  0   0  2  0  0  1  0/1    19:32   1:14   0:00 
Rick Schofield           0  0  0   0  0   0  0  1  0  0  4/5     5:01   0:00   3:21 
Riley Armstrong          0  0  0   0  0   0  0  0  0  0  0/0     0:00   0:00   0:00 
Roman Horak              0  0  0  -3  4   0  2  0  0  0  5/13   16:36   0:12   0:22 
Ryan O'Reilly            1  0  1   0  0   3  1  1  0  0  4/17   18:59   0:00   0:00 
Valeri Bure              2  0  2  -2  0   4  2  2  0  0  0/0    16:29   1:14   1:41 

Players Stats for Inferno

Player Name              G  A  P  +/- PIM S  H  SB GA TA FO     MP     PP MP  PK MP  
------------------------------------------------------------------------------------
Alex Berry               0  0  0   1  0   0  1  0  0  0  0/0     6:26   0:17   0:00 
Brad Marchand            0  0  0  -3  4   4  3  1  3  2  1/2    22:15   3:13   0:22 
Brendan Mikkelson        0  0  0   0  0   0  2  0  0  0  0/0    23:26   2:05   1:23 
Brian Boyle              1  2  3   3  0   2  3  0  0  0  9/14   17:59   0:17   2:14 
Cal O'Reilly             1  0  1   1  0   1  1  0  0  0  2/3     8:36   2:31   0:11 
Colin Wilson             0  0  0  -2  0   1  2  1  1  0  26/34  22:12   3:13   0:00 
David Savard             0  2  2   1  0   2  1  1  0  2  0/0    20:53   2:05   0:00 
David Ullstrom           0  0  0   1  0   2  0  0  0  1  2/3    10:58   0:00   0:00 
Jonathan Ferland         0  0  0  -3  0   8  2  0  0  0  0/2    24:17   3:09   2:03 
Mark Mitera              0  0  0   0  0   0  1  0  0  0  0/0    14:07   0:00   1:23 
Matt Kassian             0  0  0   1  4   0  1  0  0  0  0/0     6:58   0:17   0:00 
Pavel Vorobiev           0  3  3   3  0   1  3  2  0  0  0/0    14:36   0:00   0:00 
Simon Danis-Pepin        0  0  0   0  0   1  1  1  0  0  0/0    13:06   0:00   1:50 
Stephane Veilleux        2  0  2   3  0   7  2  2  1  0  0/0    21:10   2:35   0:48 
Travis Hamonic           0  0  0   1  0   1  2  3  0  1  0/0    30:31   3:56   1:50 
Vladimir Sobotka         0  1  1   0  0   3  0  1  0  0  7/12   14:20   0:00   0:48 
Vladimir Zharkov         1  0  1   1  0   5  3  0  0  0  0/0    15:01   2:31   0:00 
Yannick Weber            0  1  1   2  0   0  2  1  1  1  0/0    27:57   3:56   0:00 

3 Stars

1 - Brian Boyle (Anc)
2 - Stephane Veilleux (Anc)
3 - Pavel Vorobiev (Anc)

Power Play

Scraper - 2 on 4 Attempt(s) - 50,00%
Inferno - 0 on 5 Attempt(s) - 0,00%

Penalty Kill

Scraper - 5 on 5 Attempt(s) - 100,00% - Score 0 goal in Penalty Kill
Inferno - 2 on 4 Attempt(s) - 50,00% - Score 0 goal in Penalty Kill

Official

Referees : StLaurent Francois and McCreary Bill
Linesman : Ryan Galloway and Brad Lazarowich

Game Notes

17:30 of 2nd period - Penalty Shot by Eric Gryba for Scraper - Stopped by Jonathan Boutin

Finance

Level 1 -- Attendance: 1428 (71,40%) -- Ticket Income 49 980 $
Level 2 -- Attendance: 703 (70,30%) -- Ticket Income 10 545 $
Total Attendance: 2131 (71,03%)
Total Ticket Income: 60 525 $
Other Income: 3 026 $
Total Income: 63 551 $

Scraper

5 vs 5 Forward 
   Center                   Left Wing                Right Wing               Time % Phy DF OF 
 1 Brayden Schenn           Evander Kane             Denis Shvidki            35     1   2  2  
 2 Ryan O'Reilly            Ben Eager                Reilly Smith             35     1   2  2  
 3 Roman Horak              Daniel Winnik            Valeri Bure              25     1   2  2  
 4 Roman Horak              Daniel Winnik            Eric Godard              5      1   2  2  

5 vs 5 Defense 
   Defense                  Defense                                           Time % Phy DF OF 
 1 Brendan Smith            Ilkka Heikkinen                                   40     1   2  2  
 2 Jared Cowen              Eric Gryba                                        35     1   2  2  
 3 Joe Finley               Eric Knodel                                       15     1   2  2  
 4 Brendan Smith            Ilkka Heikkinen                                   10     1   2  2  

PowerPlay Forward 
   Center                   Left Wing                Right Wing               Time % Phy DF OF 
 1 Brayden Schenn           Evander Kane             Denis Shvidki            60     1   2  2  
 2 Reilly Smith             Daniel Winnik            Valeri Bure              40     1   2  2  

PowerPlay Defense
   Defense                  Defense                                           Time % Phy DF OF 
 1 Derek Joslin             Brendan Smith                                     60     1   2  2  
 2 Eric Gryba               Ilkka Heikkinen                                   40     1   2  2  

Penalty Kill 4 Players Forward 
   Center                   Wing                     Time % Phy DF OF 
 1 Rick Schofield           Derek Joslin             60     1   2  2  
 2 Roman Horak              Valeri Bure              40     1   2  2  

Penalty Kill 4 Players Defense
   Defense                  Defense                  Time % Phy DF OF 
 1 Ilkka Heikkinen          Eric Knodel              60     1   2  2  
 2 Eric Gryba               Brendan Smith            40     1   2  2  

Penalty Kill - 3 Players Forward 
   Forward                                           Time % Phy DF OF 
 1 Roman Horak                                       60     1   2  2  
 2 Rick Schofield                                    40     1   2  2  

Penalty Kill - 3 Players Defense
   Defense                  Defense                  Time % Phy DF OF 
 1 Derek Joslin             Ilkka Heikkinen          60     1   2  2  
 2 Eric Gryba               Brendan Smith            40     1   2  2  

4 vs 4 Forward 
   Center                   Wing                     Time % Phy DF OF 
 1 Ryan O'Reilly            Denis Shvidki            60     1   2  2  
 2 Rick Schofield           Valeri Bure              40     1   2  2  

4 vs 4 Defense
   Defense                  Defense                  Time % Phy DF OF 
 1 Brendan Smith            Eric Gryba               60     1   2  2  
 2 Derek Joslin             Ilkka Heikkinen          40     1   2  2  

Last Minutes Offensive
   Center                   Left Wing                Right Wing               Defense                  Defense                  
   Brayden Schenn           Evander Kane             Denis Shvidki            Derek Joslin             Brendan Smith            

Last Minutes Defensive
   Center                   Left Wing                Right Wing               Defense                  Defense                  
   Rick Schofield           Ben Eager                Denis Shvidki            Derek Joslin             Brendan Smith            

Goaltenders
Starting : Peter Mannino            
Backup : Maxime Ouellet           

Extra Forwards
Normal : Evander Kane, Reilly Smith, Eric Godard - PP : Evander Kane, Reilly Smith - PK : Eric Godard
Extra Defensemen
Normal : Eric Gryba, Eric Knodel, Ilkka Heikkinen - PP : Eric Gryba - PK : Joe Finley, Ilkka Heikkinen
Penalty Shots
Denis Shvidki, Ryan O'Reilly, Evander Kane, Valeri Bure, Ben Eager

Inferno

5 vs 5 Forward 
   Center                   Left Wing                Right Wing               Time % Phy DF OF 
 1 Colin Wilson             Brad Marchand            Jonathan Ferland         40     1   2  2  
 2 Brian Boyle              Stephane Veilleux        Pavel Vorobiev           30     1   2  2  
 3 Vladimir Sobotka         David Ullstrom           Vladimir Zharkov         20     1   2  2  
 4 Cal O'Reilly             Matt Kassian             Alex Berry               10     1   2  2  

5 vs 5 Defense 
   Defense                  Defense                                           Time % Phy DF OF 
 1 Travis Hamonic           Yannick Weber                                     40     1   2  2  
 2 Brendan Mikkelson        David Savard                                      30     1   2  2  
 3 Simon Danis-Pepin        Mark Mitera                                       20     1   2  2  
 4 Travis Hamonic           Yannick Weber                                     10     1   2  2  

PowerPlay Forward 
   Center                   Left Wing                Right Wing               Time % Phy DF OF 
 1 Colin Wilson             Brad Marchand            Jonathan Ferland         60     1   1  3  
 2 Cal O'Reilly             Stephane Veilleux        Vladimir Zharkov         40     1   1  3  

PowerPlay Defense
   Defense                  Defense                                           Time % Phy DF OF 
 1 Travis Hamonic           Yannick Weber                                     60     1   1  3  
 2 Brendan Mikkelson        David Savard                                      40     1   1  3  

Penalty Kill 4 Players Forward 
   Center                   Wing                     Time % Phy DF OF 
 1 Brian Boyle              Jonathan Ferland         60     1   4  0  
 2 Vladimir Sobotka         Stephane Veilleux        40     1   4  0  

Penalty Kill 4 Players Defense
   Defense                  Defense                  Time % Phy DF OF 
 1 Travis Hamonic           Simon Danis-Pepin        60     1   4  0  
 2 Brendan Mikkelson        Mark Mitera              40     1   4  0  

Penalty Kill - 3 Players Forward 
   Forward                                           Time % Phy DF OF 
 1 Brian Boyle                                       60     1   4  0  
 2 Jonathan Ferland                                  40     1   4  0  

Penalty Kill - 3 Players Defense
   Defense                  Defense                  Time % Phy DF OF 
 1 Travis Hamonic           Simon Danis-Pepin        60     1   4  0  
 2 Brendan Mikkelson        Mark Mitera              40     1   4  0  

4 vs 4 Forward 
   Center                   Wing                     Time % Phy DF OF 
 1 Colin Wilson             Stephane Veilleux        60     1   2  2  
 2 Vladimir Sobotka         Jonathan Ferland         40     1   2  2  

4 vs 4 Defense
   Defense                  Defense                  Time % Phy DF OF 
 1 Travis Hamonic           Yannick Weber            60     1   2  2  
 2 Brendan Mikkelson        David Savard             40     1   2  2  

Last Minutes Offensive
   Center                   Left Wing                Right Wing               Defense                  Defense                  
   Colin Wilson             Brad Marchand            Jonathan Ferland         Travis Hamonic           Yannick Weber            

Last Minutes Defensive
   Center                   Left Wing                Right Wing               Defense                  Defense                  
   Vladimir Sobotka         Brad Marchand            Jonathan Ferland         Travis Hamonic           Brendan Mikkelson        

Goaltenders
Starting : Jonathan Boutin          
Backup : Josh Harding             

Extra Forwards
Normal : Stephane Veilleux, Jonathan Ferland, Vladimir Zharkov - PP : Stephane Veilleux, Colin Wilson - PK : Stephane Veilleux
Extra Defensemen
Normal : David Savard, Travis Hamonic, Brendan Mikkelson - PP : Yannick Weber - PK : Brendan Mikkelson, David Savard
Penalty Shots
Cal O'Reilly, Colin Wilson, Stephane Veilleux, Jonathan Ferland, Vladimir Zharkov

% Time on Ice - Scraper

Lines # - Real PCT - Wanted PCT - Time Play
Normal Forward
1 - 34% - 35% - 16:09
2 - 35% - 35% - 16:41
3 - 25% - 25% - 11:46
4 - 7% - 5% - 3:16
Normal Defense
1 - 40% - 40% - 19:22
2 - 38% - 35% - 18:07
3 - 17% - 15% - 8:06
4 - 5% - 10% - 2:17
PP Forward
1 - 62% - 60% - 1:59
2 - 38% - 40% - 1:14
PP Defense
1 - 72% - 60% - 2:19
2 - 28% - 40% - 0:54
PK Forward
1 - 72% - 60% - 4:20
2 - 28% - 40% - 1:41
PK Defense
1 - 58% - 60% - 3:31
2 - 42% - 40% - 2:30
PK3 Forward
1 - 0% - 60%
2 - 0% - 40%
PK3 Defense
1 - 0% - 60%
2 - 0% - 40%
44 Forward
1 - 80% - 60% - 5:31
2 - 20% - 40% - 1:24
44 Defense
1 - 66% - 60% - 4:33
2 - 34% - 40% - 2:22
Last Minute Offensive  - 0:59
Last Minute Defensive  - 0:00
Total
Forward - 65:00
Defense - 65:00

% Time on Ice - Inferno

Lines # - Real PCT - Wanted PCT - Time Play
Normal Forward
1 - 34% - 40% - 16:17
2 - 31% - 30% - 14:46
3 - 23% - 20% - 10:58
4 - 12% - 10% - 5:54
Normal Defense
1 - 40% - 40% - 19:19
2 - 34% - 30% - 16:27
3 - 22% - 20% - 10:39
4 - 3% - 10% - 1:30
PP Forward
1 - 58% - 60% - 3:30
2 - 42% - 40% - 2:31
PP Defense
1 - 65% - 60% - 3:56
2 - 35% - 40% - 2:05
PK Forward
1 - 75% - 60% - 2:25
2 - 25% - 40% - 0:48
PK Defense
1 - 57% - 60% - 1:50
2 - 43% - 40% - 1:23
PK3 Forward
1 - 0% - 60%
2 - 0% - 40%
PK3 Defense
1 - 0% - 60%
2 - 0% - 40%
44 Forward
1 - 79% - 60% - 5:27
2 - 21% - 40% - 1:28
44 Defense
1 - 63% - 60% - 4:20
2 - 37% - 40% - 2:35
Last Minute Offensive  - 0:00
Last Minute Defensive  - 0:56
Total
Forward - 65:00
Defense - 65:00

Play by Play

1st period


0:01 of 1st period - Colin Wilson wins face-off versus Brayden Schenn in neutral zone.
0:05 of 1st period - Icing by Denis Shvidki.
0:06 of 1st period - Colin Wilson wins face-off versus Brayden Schenn in Scraper zone.
0:09 of 1st period - Snap shot by Colin Wilson.
0:09 of 1st period - Stopped by Peter Mannino with a rebound.
0:15 of 1st period - Slapshot by Brad Marchand.
0:15 of 1st period - Stopped by Peter Mannino with a rebound.
0:19 of 1st period - Wrist shot by Colin Wilson.
0:19 of 1st period - Shot Misses the Net.
0:21 of 1st period - Wrist shot by Brad Marchand.
0:21 of 1st period - Shot Blocked by Brayden Schenn.
0:31 of 1st period - Snap shot by Stephane Veilleux.
0:31 of 1st period - Shot Misses the Net.
0:33 of 1st period - Snap shot by Stephane Veilleux.
0:33 of 1st period - Stopped by Peter Mannino without a rebound.
0:34 of 1st period - Brian Boyle wins face-off versus Ryan O'Reilly in Scraper zone.
0:55 of 1st period - Icing by Jared Cowen.
0:56 of 1st period - Vladimir Sobotka wins face-off versus Ryan O'Reilly in Scraper zone.
1:19 of 1st period - Snap shot by Ben Eager.
1:19 of 1st period - Stopped by Jonathan Boutin with a rebound.
1:21 of 1st period - Wrist shot by Ben Eager.
1:21 of 1st period - Deflect By Ryan O'Reilly.
1:21 of 1st period - Stopped by Jonathan Boutin with a rebound.
1:43 of 1st period - Travis Hamonic is hit by Jared Cowen and loses puck.
1:52 of 1st period - Slapshot by Daniel Winnik.
1:52 of 1st period - Stopped by Jonathan Boutin without a rebound.
1:53 of 1st period - Brian Boyle wins face-off versus Brayden Schenn in Inferno zone.
2:19 of 1st period - Brendan Mikkelson is hit by Valeri Bure and loses puck.
2:34 of 1st period - Travis Hamonic is hit by Daniel Winnik and loses puck.
2:46 of 1st period - Minor Penalty to Roman Horak for Hooking.
2:47 of 1st period - Cal O'Reilly wins face-off versus Rick Schofield in Scraper zone.
4:21 of 1st period - Icing by Stephane Veilleux.
4:22 of 1st period - Cal O'Reilly wins face-off versus Brayden Schenn in Inferno zone.
4:46 of 1st period - Penalty to Roman Horak is over, Roman Horak is back on ice.
5:22 of 1st period - Minor Penalty to Matt Kassian for Holding.
5:23 of 1st period - Brian Boyle wins face-off versus Brayden Schenn in Inferno zone.
5:33 of 1st period - Simon Danis-Pepin is hit by Brendan Smith and loses puck.
6:12 of 1st period - Derek Joslin is hit by Brian Boyle and loses puck.
6:52 of 1st period - Travis Hamonic is hit by Brayden Schenn and loses puck.
7:13 of 1st period - Simon Danis-Pepin is hit by Roman Horak and loses puck.
7:22 of 1st period - Penalty to Matt Kassian is over, Matt Kassian is back on ice.
7:26 of 1st period - Vladimir Sobotka is hit by Eric Gryba and loses puck.
8:03 of 1st period - Backhand shot by Vladimir Zharkov.
8:03 of 1st period - Shot Misses the Net.
8:05 of 1st period - Snap shot by Mark Mitera.
8:05 of 1st period - Deflect By Vladimir Sobotka.
8:05 of 1st period - Stopped by Peter Mannino without a rebound.
8:06 of 1st period - Brayden Schenn wins face-off versus Vladimir Sobotka in Scraper zone.
8:26 of 1st period - Eric Godard is hit by Travis Hamonic and loses puck.
8:35 of 1st period - Snap shot by Brad Marchand.
8:35 of 1st period - Shot Misses the Net.
8:37 of 1st period - Snap shot by Colin Wilson.
8:37 of 1st period - Shot Misses the Net.
8:51 of 1st period - Jared Cowen is hit by Stephane Veilleux and loses puck.
9:24 of 1st period - David Ullstrom is hit by Roman Horak and loses puck.
9:35 of 1st period - Evander Kane is hit by Colin Wilson and loses puck.
9:40 of 1st period - Wrist shot by Brad Marchand.
9:40 of 1st period - Shot Misses the Net.
9:42 of 1st period - Snap shot by Jonathan Ferland.
9:42 of 1st period - Stopped by Peter Mannino without a rebound.
9:43 of 1st period - Ryan O'Reilly wins face-off versus Colin Wilson in Scraper zone.
9:52 of 1st period - Slapshot by Jonathan Ferland.
9:52 of 1st period - Stopped by Peter Mannino with a rebound.
10:14 of 1st period - Brendan Mikkelson is hit by Daniel Winnik and loses puck.
11:12 of 1st period - Eric Knodel is hit by Stephane Veilleux and loses puck.
12:45 of 1st period - Denis Shvidki is hit by David Savard and loses puck.
13:14 of 1st period - Icing by Brad Marchand.
13:15 of 1st period - Colin Wilson wins face-off versus Roman Horak in Inferno zone.
13:28 of 1st period - Snap shot by Jonathan Ferland.
13:28 of 1st period - Stopped by Peter Mannino without a rebound.
13:29 of 1st period - Brayden Schenn wins face-off versus Brian Boyle in Scraper zone.
13:44 of 1st period - Slapshot by Stephane Veilleux.
13:44 of 1st period - Stopped by Peter Mannino with a rebound.
13:51 of 1st period - Icing by Denis Shvidki.
13:52 of 1st period - Vladimir Sobotka wins face-off versus Roman Horak in Scraper zone.
14:24 of 1st period - Wrist shot by Jonathan Ferland.
14:24 of 1st period - Shot Blocked by Evander Kane.
14:26 of 1st period - Wrist shot by Brad Marchand.
14:26 of 1st period - Stopped by Peter Mannino without a rebound.
14:27 of 1st period - Brian Boyle wins face-off versus Ryan O'Reilly in Scraper zone.
14:36 of 1st period - Wrist shot by Stephane Veilleux.
14:36 of 1st period - Shot Misses the Net.
14:38 of 1st period - Slapshot by Stephane Veilleux.
14:38 of 1st period - Shot Misses the Net.
14:40 of 1st period - Snap shot by Stephane Veilleux.
14:40 of 1st period - Goal by Stephane Veilleux - Scraper : 0 - Inferno : 1.
14:41 of 1st period - Colin Wilson wins face-off versus Brayden Schenn in neutral zone.
14:41 of 1st period - Colin Wilson is hit by Brendan Smith.
15:07 of 1st period - Yannick Weber is hit by Reilly Smith and loses puck.
15:32 of 1st period - Snap shot by Daniel Winnik.
15:32 of 1st period - Shot Misses the Net.
15:34 of 1st period - Slapshot by Brendan Smith.
15:34 of 1st period - Deflect By Valeri Bure.
15:34 of 1st period - Shot Misses the Net.
15:34 of 1st period - Puck is out of play.
15:35 of 1st period - Brad Marchand wins face-off versus Brayden Schenn in Inferno zone.
15:42 of 1st period - Slapshot by Evander Kane.
15:42 of 1st period - Stopped by Jonathan Boutin without a rebound.
15:43 of 1st period - Colin Wilson wins face-off versus Brayden Schenn in Inferno zone.
16:07 of 1st period - Snap shot by Evander Kane.
16:07 of 1st period - Stopped by Jonathan Boutin with a rebound.
16:09 of 1st period - Wrist shot by Evander Kane.
16:09 of 1st period - Stopped by Jonathan Boutin without a rebound.
16:10 of 1st period - Ryan O'Reilly wins face-off versus Brian Boyle in Inferno zone.
16:36 of 1st period - Brendan Smith is hit by Yannick Weber and loses puck.
16:45 of 1st period - Brendan Smith is hit by Yannick Weber and loses puck.
17:04 of 1st period - Snap shot by Denis Shvidki.
17:04 of 1st period - Stopped by Jonathan Boutin with a rebound.
17:26 of 1st period - Slapshot by Cal O'Reilly.
17:26 of 1st period - Shot Misses the Net.
17:36 of 1st period - Slapshot by Ben Eager.
17:36 of 1st period - Stopped by Jonathan Boutin with a rebound.
17:38 of 1st period - Wrist shot by Roman Horak.
17:38 of 1st period - Shot Blocked by Simon Danis-Pepin.
17:40 of 1st period - Snap shot by Roman Horak.
17:40 of 1st period - Shot Misses the Net.
17:42 of 1st period - Wrist shot by Valeri Bure.
17:42 of 1st period - Stopped by Jonathan Boutin with a rebound.
18:38 of 1st period - Daniel Winnik is hit by Alex Berry and loses puck.
19:11 of 1st period - Wrist shot by Brian Boyle.
19:11 of 1st period - Stopped by Peter Mannino without a rebound.
19:12 of 1st period - Colin Wilson wins face-off versus Ryan O'Reilly in Scraper zone.
19:13 of 1st period - Snap shot by Jonathan Ferland.
19:13 of 1st period - Shot Blocked by Jared Cowen.
19:27 of 1st period - Icing by Ben Eager.
19:28 of 1st period - Ryan O'Reilly wins face-off versus Brian Boyle in Scraper zone.
Goals for this period are 0 for Scraper vs 1 for Inferno.
Shots for this period are 9 for Scraper vs 11 for Inferno.

2nd period


0:01 of 2nd period - Colin Wilson wins face-off versus Roman Horak in neutral zone.
0:56 of 2nd period - Snap shot by Cal O'Reilly.
0:56 of 2nd period - Shot Misses the Net.
0:58 of 2nd period - Slapshot by Brendan Mikkelson.
0:58 of 2nd period - Shot Misses the Net.
1:00 of 2nd period - Slapshot by David Savard.
1:00 of 2nd period - Stopped by Peter Mannino with a rebound.
1:02 of 2nd period - Wrist shot by David Savard.
1:02 of 2nd period - Shot Misses the Net.
1:35 of 2nd period - Wrist shot by Brad Marchand.
1:35 of 2nd period - Shot Misses the Net.
1:59 of 2nd period - Snap shot by Stephane Veilleux.
1:59 of 2nd period - Stopped by Peter Mannino with a rebound.
2:01 of 2nd period - Slapshot by Pavel Vorobiev.
2:01 of 2nd period - Deflect By Ben Eager.
2:01 of 2nd period - Shot Blocked by Ryan O'Reilly.
2:01 of 2nd period - Puck is out of play.
2:02 of 2nd period - Colin Wilson wins face-off versus Ryan O'Reilly in Scraper zone.
2:03 of 2nd period - Snap shot by Brad Marchand.
2:03 of 2nd period - Shot Blocked by Jared Cowen.
2:05 of 2nd period - Slapshot by Yannick Weber.
2:05 of 2nd period - Deflect By Jonathan Ferland.
2:05 of 2nd period - Stopped by Peter Mannino without a rebound.
2:06 of 2nd period - Roman Horak wins face-off versus Colin Wilson in Scraper zone.
2:19 of 2nd period - Wrist shot by Colin Wilson.
2:19 of 2nd period - Deflect By Jonathan Ferland.
2:19 of 2nd period - Stopped by Peter Mannino with a rebound.
2:34 of 2nd period - Off-side.
2:35 of 2nd period - Brayden Schenn wins face-off versus David Ullstrom in neutral zone.
2:50 of 2nd period - Wrist shot by Denis Shvidki.
2:50 of 2nd period - Deflect By Brendan Mikkelson.
2:50 of 2nd period - Shot Misses the Net.
2:50 of 2nd period - Puck is out of play.
2:51 of 2nd period - Colin Wilson wins face-off versus Ryan O'Reilly in Inferno zone.
3:00 of 2nd period - Snap shot by Colin Wilson.
3:00 of 2nd period - Shot Misses the Net.
3:16 of 2nd period - Wrist shot by Daniel Winnik.
3:16 of 2nd period - Stopped by Jonathan Boutin with a rebound.
3:25 of 2nd period - Off-side.
3:26 of 2nd period - Brian Boyle wins face-off versus Brayden Schenn in neutral zone.
3:42 of 2nd period - Off-side.
3:43 of 2nd period - Ryan O'Reilly wins face-off versus Jonathan Ferland in neutral zone.
3:48 of 2nd period - Wrist shot by Brad Marchand.
3:48 of 2nd period - Stopped by Peter Mannino without a rebound.
3:49 of 2nd period - Colin Wilson wins face-off versus Ryan O'Reilly in Scraper zone.
4:00 of 2nd period - Wrist shot by Jonathan Ferland.
4:00 of 2nd period - Stopped by Peter Mannino with a rebound.
4:02 of 2nd period - Snap shot by Colin Wilson.
4:02 of 2nd period - Shot Misses the Net.
4:04 of 2nd period - Slapshot by Jonathan Ferland.
4:04 of 2nd period - Deflect By Brad Marchand.
4:04 of 2nd period - Shot Misses the Net.
4:04 of 2nd period - Puck is out of play.
4:05 of 2nd period - Brian Boyle wins face-off versus Brayden Schenn in Scraper zone.
4:06 of 2nd period - Slapshot by Pavel Vorobiev.
4:06 of 2nd period - Shot Misses the Net.
4:08 of 2nd period - Snap shot by Stephane Veilleux.
4:08 of 2nd period - Goal by Stephane Veilleux - Scraper : 0 - Inferno : 2.
4:09 of 2nd period - Colin Wilson wins face-off versus Roman Horak in neutral zone.
4:18 of 2nd period - Slapshot by Brad Marchand.
4:18 of 2nd period - Stopped by Peter Mannino with a rebound.
4:36 of 2nd period - Pavel Vorobiev is hit by Brayden Schenn and loses puck.
5:01 of 2nd period - Eric Gryba is hit by Vladimir Zharkov and loses puck.
5:12 of 2nd period - Wrist shot by Vladimir Sobotka.
5:12 of 2nd period - Shot Misses the Net.
5:22 of 2nd period - Wrist shot by Cal O'Reilly.
5:22 of 2nd period - Goal by Cal O'Reilly - Scraper : 0 - Inferno : 3.
5:23 of 2nd period - Brayden Schenn wins face-off versus Colin Wilson in neutral zone.
5:28 of 2nd period - Wrist shot by Denis Shvidki.
5:28 of 2nd period - Shot Blocked by Colin Wilson.
5:30 of 2nd period - Slapshot by Ilkka Heikkinen.
5:30 of 2nd period - Stopped by Jonathan Boutin without a rebound.
5:31 of 2nd period - Brayden Schenn wins face-off versus Brad Marchand in Inferno zone.
5:40 of 2nd period - Snap shot by Evander Kane.
5:40 of 2nd period - Goal by Evander Kane - Scraper : 1 - Inferno : 3.
5:41 of 2nd period - Colin Wilson wins face-off versus Ben Eager in neutral zone.
6:12 of 2nd period - Slapshot by Pavel Vorobiev.
6:12 of 2nd period - Shot Blocked by Valeri Bure.
6:14 of 2nd period - Wrist shot by Brian Boyle.
6:14 of 2nd period - Shot Misses the Net.
7:07 of 2nd period - Slapshot by Daniel Winnik.
7:07 of 2nd period - Deflect By Jonathan Ferland.
7:07 of 2nd period - Shot Hit the Post.
7:07 of 2nd period - Puck is out of play.
7:08 of 2nd period - Colin Wilson wins face-off versus Brayden Schenn in Inferno zone.
7:08 of 2nd period - Colin Wilson is hit by Brayden Schenn.
7:19 of 2nd period - Denis Shvidki is hit by Brad Marchand.
7:35 of 2nd period - Reilly Smith is hit by Brian Boyle and loses puck.
7:42 of 2nd period - Slapshot by Ryan O'Reilly.
7:42 of 2nd period - Stopped by Jonathan Boutin with a rebound.
7:56 of 2nd period - Snap shot by Vladimir Zharkov.
7:56 of 2nd period - Stopped by Peter Mannino with a rebound.
7:58 of 2nd period - Slapshot by Yannick Weber.
7:58 of 2nd period - Shot Blocked by Valeri Bure.
8:00 of 2nd period - Snap shot by Vladimir Zharkov.
8:00 of 2nd period - Goal by Vladimir Zharkov - Scraper : 1 - Inferno : 4.
8:01 of 2nd period - Brayden Schenn wins face-off versus Colin Wilson in neutral zone.
8:10 of 2nd period - Snap shot by Evander Kane.
8:10 of 2nd period - Shot Misses the Net.
8:26 of 2nd period - Brendan Mikkelson is hit by Brendan Smith and loses puck.
8:35 of 2nd period - Snap shot by Ben Eager.
8:35 of 2nd period - Stopped by Jonathan Boutin with a rebound.
8:50 of 2nd period - Minor Penalty to Roman Horak for Tripping.
8:51 of 2nd period - Rick Schofield wins face-off versus Colin Wilson in Scraper zone.
10:43 of 2nd period - Brayden Schenn is hit by Brian Boyle and loses puck.
10:50 of 2nd period - Penalty to Roman Horak is over, Roman Horak is back on ice.
10:58 of 2nd period - Valeri Bure is hit by Vladimir Zharkov and loses puck.
11:43 of 2nd period - Brad Marchand is hit by Ben Eager and loses puck.
12:38 of 2nd period - Slapshot by Brian Boyle.
12:38 of 2nd period - Shot Blocked by Brendan Smith.
13:28 of 2nd period - Reilly Smith is hit by Brendan Mikkelson and loses puck.
13:59 of 2nd period - Slapshot by Stephane Veilleux.
13:59 of 2nd period - Stopped by Peter Mannino without a rebound.
14:00 of 2nd period - Brian Boyle wins face-off versus Roman Horak in Scraper zone.
14:17 of 2nd period - Valeri Bure is hit by Pavel Vorobiev and loses puck.
14:24 of 2nd period - Roman Horak is hit by Pavel Vorobiev and loses puck.
14:43 of 2nd period - Wrist shot by Pavel Vorobiev.
14:43 of 2nd period - Stopped by Peter Mannino with a rebound.
14:49 of 2nd period - David Savard is hit by Ilkka Heikkinen and loses puck.
15:08 of 2nd period - David Savard is hit by Daniel Winnik.
15:34 of 2nd period - Slapshot by Pavel Vorobiev.
15:34 of 2nd period - Shot Misses the Net.
15:36 of 2nd period - Slapshot by David Savard.
15:36 of 2nd period - Stopped by Peter Mannino with a rebound.
15:38 of 2nd period - Snap shot by Brian Boyle.
15:38 of 2nd period - Goal by Brian Boyle - Scraper : 1 - Inferno : 5.
15:39 of 2nd period - Ben Eager wins face-off versus Colin Wilson in neutral zone.
15:41 of 2nd period - Off-side.
15:42 of 2nd period - Colin Wilson wins face-off versus Ryan O'Reilly in neutral zone.
15:45 of 2nd period - Ryan O'Reilly is hit by Brad Marchand and loses puck.
16:09 of 2nd period - Off-side.
16:10 of 2nd period - David Ullstrom wins face-off versus Brayden Schenn in neutral zone.
16:27 of 2nd period - Off-side.
16:28 of 2nd period - Colin Wilson wins face-off versus Ryan O'Reilly in neutral zone.
16:47 of 2nd period - Reilly Smith is hit by Travis Hamonic and loses puck.
17:02 of 2nd period - Slapshot by Ilkka Heikkinen.
17:02 of 2nd period - Shot Blocked by Pavel Vorobiev.
17:04 of 2nd period - Snap shot by Reilly Smith.
17:04 of 2nd period - Shot Blocked by Travis Hamonic.
17:06 of 2nd period - Slapshot by Brendan Smith.
17:06 of 2nd period - Stopped by Jonathan Boutin with a rebound.
17:08 of 2nd period - Slapshot by Brendan Smith.
17:08 of 2nd period - Shot Misses the Net.
17:10 of 2nd period - Slapshot by Brendan Smith.
17:10 of 2nd period - Deflect By Ryan O'Reilly.
17:10 of 2nd period - Shot Blocked by Yannick Weber.
17:10 of 2nd period - Puck is out of play.
17:11 of 2nd period - Vladimir Sobotka wins face-off versus Brayden Schenn in Inferno zone.
17:11 of 2nd period - Vladimir Sobotka is hit by Eric Gryba.
17:25 of 2nd period - Slapshot by Vladimir Zharkov.
17:25 of 2nd period - Shot Misses the Net.
17:30 of 2nd period - Penalty Shot by Eric Gryba for Scraper.
17:30 of 2nd period - Backhand shot by Eric Gryba.
17:30 of 2nd period - Stopped by Jonathan Boutin.
17:31 of 2nd period - Colin Wilson wins face-off versus Roman Horak in Scraper zone.
18:03 of 2nd period - Snap shot by Stephane Veilleux.
18:03 of 2nd period - Stopped by Peter Mannino with a rebound.
18:05 of 2nd period - Slapshot by Travis Hamonic.
18:05 of 2nd period - Deflect By Pavel Vorobiev.
18:05 of 2nd period - Shot Misses the Net.
18:05 of 2nd period - Puck is out of play.
18:06 of 2nd period - David Ullstrom wins face-off versus Ryan O'Reilly in Scraper zone.
18:19 of 2nd period - Snap shot by Vladimir Sobotka.
18:19 of 2nd period - Stopped by Peter Mannino with a rebound.
18:42 of 2nd period - Brendan Mikkelson is hit by Reilly Smith and loses puck.
18:47 of 2nd period - Snap shot by Reilly Smith.
18:47 of 2nd period - Shot Blocked by Stephane Veilleux.
19:35 of 2nd period - Snap shot by Stephane Veilleux.
19:35 of 2nd period - Shot Misses the Net.
19:49 of 2nd period - Wrist shot by Ryan O'Reilly.
19:49 of 2nd period - Deflect By Pavel Vorobiev.
19:49 of 2nd period - Shot Misses the Net.
19:49 of 2nd period - Puck is out of play.
19:50 of 2nd period - Colin Wilson wins face-off versus Brayden Schenn in Inferno zone.
19:50 of 2nd period - Colin Wilson is hit by Brayden Schenn.
Goals for this period are 1 for Scraper vs 4 for Inferno.
Shots for this period are 6 for Scraper vs 17 for Inferno.

3rd period


0:01 of 3rd period - Brayden Schenn wins face-off versus Colin Wilson in neutral zone.
0:13 of 3rd period - Minor Penalty to Brad Marchand for Tripping.
0:14 of 3rd period - Brayden Schenn wins face-off versus Brian Boyle in Inferno zone.
0:17 of 3rd period - Minor Penalty to Denis Shvidki for Hooking.
0:18 of 3rd period - Colin Wilson wins face-off versus Ryan O'Reilly in Scraper zone.
1:04 of 3rd period - David Savard is hit by Ryan O'Reilly and loses puck.
1:15 of 3rd period - Eric Godard is hit by Matt Kassian and loses puck.
2:05 of 3rd period - Jonathan Ferland is hit by Ben Eager and loses puck.
2:13 of 3rd period - Penalty to Brad Marchand is over, Brad Marchand is back on ice.
2:17 of 3rd period - Penalty to Denis Shvidki is over, Denis Shvidki is back on ice.
2:28 of 3rd period - Snap shot by Denis Shvidki.
2:28 of 3rd period - Shot Misses the Net.
2:30 of 3rd period - Snap shot by Eric Godard.
2:30 of 3rd period - Stopped by Jonathan Boutin with a rebound.
2:32 of 3rd period - Slapshot by Joe Finley.
2:32 of 3rd period - Deflect By Eric Godard.
2:32 of 3rd period - Shot Blocked by Brad Marchand.
2:32 of 3rd period - Puck is out of play.
2:33 of 3rd period - Roman Horak wins face-off versus Vladimir Sobotka in Inferno zone.
2:34 of 3rd period - Wrist shot by Valeri Bure.
2:34 of 3rd period - Shot Blocked by Vladimir Sobotka.
2:42 of 3rd period - Backhand shot by Valeri Bure.
2:42 of 3rd period - Shot Misses the Net.
3:11 of 3rd period - Denis Shvidki is hit by Mark Mitera and loses puck.
4:03 of 3rd period - Wrist shot by Vladimir Zharkov.
4:03 of 3rd period - Stopped by Peter Mannino without a rebound.
4:04 of 3rd period - Vladimir Sobotka wins face-off versus Brayden Schenn in Scraper zone.
4:15 of 3rd period - Snap shot by Vladimir Sobotka.
4:15 of 3rd period - Shot Blocked by Jared Cowen.
4:17 of 3rd period - Wrist shot by Vladimir Zharkov.
4:17 of 3rd period - Stopped by Peter Mannino without a rebound.
4:18 of 3rd period - Colin Wilson wins face-off versus Ben Eager in Scraper zone.
5:17 of 3rd period - Off-side.
5:18 of 3rd period - Colin Wilson wins face-off versus Ryan O'Reilly in neutral zone.
5:56 of 3rd period - Snap shot by Brian Boyle.
5:56 of 3rd period - Deflect By Evander Kane.
5:56 of 3rd period - Shot Blocked by Eric Gryba.
5:56 of 3rd period - Puck is out of play.
5:57 of 3rd period - Brian Boyle wins face-off versus Brayden Schenn in Scraper zone.
6:04 of 3rd period - Wrist shot by Stephane Veilleux.
6:04 of 3rd period - Shot Misses the Net.
6:06 of 3rd period - Wrist shot by Stephane Veilleux.
6:06 of 3rd period - Shot Misses the Net.
6:08 of 3rd period - Slapshot by Simon Danis-Pepin.
6:08 of 3rd period - Stopped by Peter Mannino without a rebound.
6:09 of 3rd period - Colin Wilson wins face-off versus Brayden Schenn in Scraper zone.
6:16 of 3rd period - Wrist shot by Jonathan Ferland.
6:16 of 3rd period - Stopped by Peter Mannino without a rebound.
6:17 of 3rd period - Colin Wilson wins face-off versus Brayden Schenn in Scraper zone.
6:52 of 3rd period - Slapshot by Travis Hamonic.
6:52 of 3rd period - Shot Blocked by Brendan Smith.
7:06 of 3rd period - Wrist shot by David Ullstrom.
7:06 of 3rd period - Shot Blocked by Daniel Winnik.
7:36 of 3rd period - Minor Penalty to Matt Kassian for Boarding.
7:37 of 3rd period - Brian Boyle wins face-off versus Brayden Schenn in Inferno zone.
8:04 of 3rd period - Wrist shot by Valeri Bure.
8:04 of 3rd period - Goal by Valeri Bure - Scraper : 2 - Inferno : 5.
8:05 of 3rd period - Colin Wilson wins face-off versus Brayden Schenn in neutral zone.
8:31 of 3rd period - Reilly Smith is hit by Pavel Vorobiev and loses puck.
8:58 of 3rd period - Slapshot by Vladimir Sobotka.
8:58 of 3rd period - Shot Misses the Net.
9:00 of 3rd period - Snap shot by Yannick Weber.
9:00 of 3rd period - Shot Misses the Net.
9:02 of 3rd period - Snap shot by David Ullstrom.
9:02 of 3rd period - Stopped by Peter Mannino with a rebound.
10:06 of 3rd period - Off-side.
10:07 of 3rd period - Colin Wilson wins face-off versus Roman Horak in neutral zone.
10:10 of 3rd period - Valeri Bure is hit by Jonathan Ferland.
10:32 of 3rd period - Denis Shvidki is hit by Simon Danis-Pepin and loses puck.
10:59 of 3rd period - Wrist shot by Vladimir Zharkov.
10:59 of 3rd period - Stopped by Peter Mannino with a rebound.
11:01 of 3rd period - Wrist shot by Vladimir Zharkov.
11:01 of 3rd period - Shot Misses the Net.
11:03 of 3rd period - Wrist shot by David Ullstrom.
11:03 of 3rd period - Stopped by Peter Mannino without a rebound.
11:04 of 3rd period - Colin Wilson wins face-off versus Brayden Schenn in Scraper zone.
11:18 of 3rd period - Minor Penalty to Denis Shvidki for Holding.
11:19 of 3rd period - Rick Schofield wins face-off versus Colin Wilson in Scraper zone.
11:33 of 3rd period - Snap shot by Jonathan Ferland.
11:33 of 3rd period - Stopped by Peter Mannino without a rebound.
11:34 of 3rd period - Rick Schofield wins face-off versus Jonathan Ferland in Scraper zone.
11:41 of 3rd period - Wrist shot by Brad Marchand.
11:41 of 3rd period - Shot Misses the Net.
11:43 of 3rd period - Slapshot by Travis Hamonic.
11:43 of 3rd period - Stopped by Peter Mannino with a rebound.
11:45 of 3rd period - Snap shot by Yannick Weber.
11:45 of 3rd period - Shot Misses the Net.
11:47 of 3rd period - Snap shot by Yannick Weber.
11:47 of 3rd period - Shot Blocked by Eric Knodel.
11:49 of 3rd period - Snap shot by Jonathan Ferland.
11:49 of 3rd period - Deflect By Colin Wilson.
11:49 of 3rd period - Shot Blocked by Rick Schofield.
11:49 of 3rd period - Puck is out of play.
11:50 of 3rd period - Rick Schofield wins face-off versus Cal O'Reilly in Scraper zone.
11:50 of 3rd period - Rick Schofield is hit by Vladimir Zharkov.
12:20 of 3rd period - Rick Schofield is hit by Colin Wilson and loses puck.
12:53 of 3rd period - Wrist shot by Ben Eager.
12:53 of 3rd period - Stopped by Jonathan Boutin with a rebound.
13:18 of 3rd period - Penalty to Denis Shvidki is over, Denis Shvidki is back on ice.
13:25 of 3rd period - Wrist shot by Roman Horak.
13:25 of 3rd period - Shot Blocked by Stephane Veilleux.
13:27 of 3rd period - Snap shot by Denis Shvidki.
13:27 of 3rd period - Shot Misses the Net.
13:29 of 3rd period - Slapshot by Eric Knodel.
13:29 of 3rd period - Stopped by Jonathan Boutin with a rebound.
13:35 of 3rd period - Wrist shot by Valeri Bure.
13:35 of 3rd period - Shot Blocked by Travis Hamonic.
13:37 of 3rd period - Wrist shot by Denis Shvidki.
13:37 of 3rd period - Shot Misses the Net.
13:39 of 3rd period - Backhand shot by Eric Knodel.
13:39 of 3rd period - Shot Blocked by Pavel Vorobiev.
13:41 of 3rd period - Slapshot by Valeri Bure.
13:41 of 3rd period - Stopped by Jonathan Boutin without a rebound.
13:42 of 3rd period - Vladimir Sobotka wins face-off versus Reilly Smith in Inferno zone.
14:05 of 3rd period - Cal O'Reilly is hit by Brayden Schenn and loses puck.
14:42 of 3rd period - Reilly Smith is hit by Brendan Mikkelson and loses puck.
15:30 of 3rd period - Minor Penalty to Brad Marchand for Elbowing.
15:31 of 3rd period - Brayden Schenn wins face-off versus Brian Boyle in Inferno zone.
15:46 of 3rd period - Wrist shot by Evander Kane.
15:46 of 3rd period - Stopped by Jonathan Boutin with a rebound.
16:12 of 3rd period - Wrist shot by Valeri Bure.
16:12 of 3rd period - Goal by Valeri Bure - Scraper : 3 - Inferno : 5.
16:13 of 3rd period - Roman Horak wins face-off versus Vladimir Sobotka in neutral zone.
16:17 of 3rd period - Off-side.
16:18 of 3rd period - Vladimir Sobotka wins face-off versus Roman Horak in neutral zone.
16:27 of 3rd period - Slapshot by Vladimir Sobotka.
16:27 of 3rd period - Stopped by Peter Mannino with a rebound.
17:11 of 3rd period - Slapshot by Ryan O'Reilly.
17:11 of 3rd period - Goal by Ryan O'Reilly - Scraper : 4 - Inferno : 5.
17:12 of 3rd period - Roman Horak wins face-off versus Vladimir Sobotka in neutral zone.
17:27 of 3rd period - Slapshot by Vladimir Zharkov.
17:27 of 3rd period - Shot Misses the Net.
17:48 of 3rd period - Slapshot by Evander Kane.
17:48 of 3rd period - Shot Misses the Net.
18:12 of 3rd period - Reilly Smith is hit by Cal O'Reilly.
19:23 of 3rd period - Scraper, Peter Mannino is pulled from the net.
19:23 of 3rd period - Wrist shot by Evander Kane.
19:23 of 3rd period - Deflect By Brayden Schenn.
19:23 of 3rd period - Shot Misses the Net.
19:23 of 3rd period - Puck is out of play.
19:24 of 3rd period - Adams Oates call a timeout for Scraper.
19:24 of 3rd period - Vladimir Sobotka wins face-off versus Brayden Schenn in Inferno zone.
19:49 of 3rd period - Slapshot by Denis Shvidki.
19:49 of 3rd period - Goal by Denis Shvidki - Scraper : 5 - Inferno : 5.
19:49 of 3rd period - Peter Mannino from Scraper was sent back in the game.
19:50 of 3rd period - Roman Horak wins face-off versus Vladimir Sobotka in neutral zone.
19:53 of 3rd period - Snap shot by Valeri Bure.
19:53 of 3rd period - Shot Misses the Net.
Goals for this period are 4 for Scraper vs 0 for Inferno.
Shots for this period are 9 for Scraper vs 10 for Inferno.

Overtime #1


0:01 of 1st overtime period - Colin Wilson wins face-off versus Ryan O'Reilly in neutral zone.
0:08 of 1st overtime period - Snap shot by Stephane Veilleux.
0:08 of 1st overtime period - Shot Blocked by Brendan Smith.
0:14 of 1st overtime period - Wrist shot by Ryan O'Reilly.
0:14 of 1st overtime period - Shot Misses the Net.
0:16 of 1st overtime period - Slapshot by Brendan Smith.
0:16 of 1st overtime period - Shot Blocked by Travis Hamonic.
0:32 of 1st overtime period - Travis Hamonic is hit by Ilkka Heikkinen and loses puck.
0:49 of 1st overtime period - Slapshot by Ilkka Heikkinen.
0:49 of 1st overtime period - Shot Blocked by David Savard.
2:19 of 1st overtime period - Brendan Mikkelson is hit by Ilkka Heikkinen and loses puck.
2:40 of 1st overtime period - Denis Shvidki is hit by Jonathan Ferland and loses puck.
2:55 of 1st overtime period - Simon Danis-Pepin is hit by Valeri Bure and loses puck.
3:16 of 1st overtime period - Yannick Weber is hit by Ben Eager and loses puck.
4:04 of 1st overtime period - David Savard is hit by Evander Kane and loses puck.
4:32 of 1st overtime period - Denis Shvidki is hit by Brad Marchand and loses puck.
4:41 of 1st overtime period - Mark Mitera is hit by Evander Kane and loses puck.
Goals for this period are 0 for Scraper vs 0 for Inferno.
Shots for this period are 0 for Scraper vs 0 for Inferno.

ShootOut


5:00 of 1st overtime period - Penalty Shot by Denis Shvidki for Scraper.
5:00 of 1st overtime period - Snap shot by Denis Shvidki.
5:00 of 1st overtime period - Stopped by Jonathan Boutin.
5:00 of 1st overtime period - Penalty Shot by Cal O'Reilly for Inferno.
5:00 of 1st overtime period - Deke by Cal O'Reilly.
5:00 of 1st overtime period - Stopped by Peter Mannino.
5:00 of 1st overtime period - Penalty Shot by Ryan O'Reilly for Scraper.
5:00 of 1st overtime period - Backhand shot by Ryan O'Reilly.
5:00 of 1st overtime period - Goal by Ryan O'Reilly.
5:00 of 1st overtime period - Penalty Shot by Colin Wilson for Inferno.
5:00 of 1st overtime period - Wrist shot by Colin Wilson.
5:00 of 1st overtime period - Stopped by Peter Mannino.
5:00 of 1st overtime period - Penalty Shot by Evander Kane for Scraper.
5:00 of 1st overtime period - Wrist shot by Evander Kane.
5:00 of 1st overtime period - Stopped by Jonathan Boutin.
5:00 of 1st overtime period - Penalty Shot by Stephane Veilleux for Inferno.
5:00 of 1st overtime period - Deke by Stephane Veilleux.
5:00 of 1st overtime period - Stopped by Peter Mannino.


Output by the SimonT Hockey Simulator (STHS) for François Prévost -- Original Page W3C XHTML 1.0 Valid
Hockey Simulator - Hockey Simulation - Hockey Manager